 Dungeon Crawl Stone Soup version 0.29.1-4-g47bece8355 (webtiles) character file.

Game seed: 2089484759286127983

6 mester the Caller (level 1, -3/10 HPs)
             Began as a Tengu Summoner on Dec 1, 2022.
             Slain by a quokka (5 damage)
             ... on level 1 of the Dungeon.
             The game lasted 00:02:38 (637 turns).

mester the Caller (Tengu Summoner)                   Turns: 637, Time: 00:02:38

Health: -3/10      AC:  2    Str:  8    XL:     1   Next: 90%
Magic:  3/4        EV: 12    Int: 15    God:
Gold:   15         SH:  0    Dex: 14    Spells: 3/4 levels left

rFire   . . .      SeeInvis .   c - +0 spear
rCold   . . .      Faith    .   (no shield)
rNeg    . . .      Spirit   .   a - +0 robe
rPois   .          Reflect  .   (helmet restricted)
rElec   .          Harm     .   (no cloak)
rCorr   .          Rampage  .   (no gloves)
Will    .....                   (boots unavailable)
Stlth   ++........              (no amulet)
HPRegen 0.03/turn               (no ring)
MPRegen 0.09/turn               (no ring)

@: no status effects
A: beak, talons 3
a: no special abilities


You were on level 1 of the Dungeon.
You visited 1 branch of the dungeon, and saw 1 of its levels.

You collected 15 gold pieces.

Inventory:

Hand Weapons
 c - a +0 spear (weapon)
Armour
 a - a +0 robe (worn)
Potions
 b - a potion of magic


   Skills:
 + Level 2.2 Dodging
 + Level 2.0 Stealth
 + Level 2.0 Spellcasting
 + Level 5.2 Summonings


You had 3 spell levels left.
You knew the following spells:

 Your Spells              Type           Power      Damage    Failure   Level
a - Summon Small Mammal   Summ           68%        N/A       2%          1

Your spell library contained the following spells:

 Spells                   Type           Power      Damage    Failure   Level
 Call Imp                 Summ           17%        N/A       3%          2
 Call Canine Familiar     Summ           17%        N/A       8%          3
 Summon Guardian Golem    Hex/Summ       9%         N/A       22%         3
 Summon Lightning Spire   Summ/Air       9%         N/A       58%         4


Dungeon Overview and Level Annotations

Branches:
Dungeon (1/15)

Altars:


Innate Abilities, Weirdness & Mutations

You have a beak for a mouth.
You have claws for feet.


Message History

Your quokka bites the quokka but does no damage.
Your quokka closely misses the quokka.
Casting: Summon Small Mammal (safe; 2% risk of failure)
Confirm with . or Enter, or press ? or * to list all spells.
The quokka attacks as you move away! The quokka barely misses you.
The quokka closely misses your rat. The quokka closely misses you.
The quokka bites your rat.
Your rat dies!
Your rat's corpse disappears in a puff of smoke!
Your quokka closely misses the quokka.
The quokka twitches its whiskers.
The quokka misses you.
Unknown command.
Unknown command.
Unknown command.
Your quokka misses the quokka. The quokka barely misses you.
Casting: Summon Small Mammal (safe; 2% risk of failure)
Confirm with . or Enter, or press ? or * to list all spells.
The quokka bites you.
Your rat misses the quokka. The quokka bites you.
* * * LOW HITPOINT WARNING * * *
The quokka barely misses you.
Your rat bites the quokka but does no damage.
The quokka attacks as you move away! The quokka bites you.
* * * LOW HITPOINT WARNING * * *
Your quokka barely misses the quokka.
The quokka attacks as you move away! The quokka completely misses you.
The quokka attacks as you move away! The quokka closely misses you.
The quokka attacks as you move away! The quokka barely misses you.
The quokka attacks as you move away! The quokka completely misses you.
Your rat bites the quokka.
Your quokka barely misses the quokka.
Your rat bites the quokka but does no damage.
Your quokka closely misses the quokka.
The quokka closely misses you. The quokka attacks as you move away!
The quokka bites you.
Ouch! That really hurt!
You die...

.....#......#............#.#
###########..............#.#
#..................#.#
#.#####..............#
#........##.#...#+####
#...........#.....#.##..
#.###.....#.##.#...>#...
#.####...>#..#........#.
.......@rr.r.r..#.....#.
...#######.#####........# ..
#.# #....###.. #.#
####.###.. #.# #...... #.#
......# ... #.....# ...
##....# .....#


You could see 2 quokkas, a friendly quokka (summoned) and a friendly rat
(summoned).

Vanquished Creatures
  A goblin (D:1)
1 creature vanquished.

Vanquished Creatures (collateral kills)
  A hobgoblin (D:1)
  2 ball pythons (D:1)
  A bat (D:1)
  A frilled lizard (D:1)
  A kobold (D:1)
6 creatures vanquished.

Grand Total: 7 creatures vanquished

Notes
Turn   | Place    | Note
-------+----------+-------------------------------------------
     0 | D:1      | mester the Tengu Summoner began the quest for the Orb.
     0 | D:1      | Reached XP level 1. HP: 10/10 MP: 4/4
   189 | D:1      | Reached skill level 5 in Summonings
   637 | D:1      | Slain by a quokka

Illustrated notes

Levels and vault maps discovered:
D:1:      minmay_arrival_split_and_join, layout_rooms, minmay_statues_item,
          minmay_misc_feat_encased

Skill      XL: |  1 |
---------------+----+-----
Summonings     | 5 |  5.2
Dodging        | |  2.2
Stealth        | |  2.0
Spellcasting   | |  2.0

Action                   || total
-------------------------++-------
Melee: Spear             ||     1
 Cast: Summon Small Mamm ||    12
Armor: Robe              ||     1
Dodge: Dodged            ||    18
